 Dungeon Crawl Stone Soup version 0.21-a0-176-gb3d4b37 (webtiles) character file.

49 Moloch the Skirmisher (level 3, -6/24 HPs)
             Began as a Gargoyle Fighter on Aug 8, 2017.
             Mangled by Sigmund
             ... wielding a +0 scythe
              (10 damage)
             ... on level 2 of the Dungeon.
             The game lasted 00:02:35 (1140 turns).

Moloch the Skirmisher (Gargoyle Fighter)            Turns: 1140, Time: 00:02:36

Health: -6/24      AC: 10    Str: 19    XL:     3   Next: 77%
Magic:  3/3        EV:  7    Int:  8    God:
Gold:   56         SH:  0    Dex: 10    Spells: 2/2 levels left

rFire    . . .     SeeInvis .   a - +0 war axe
rCold    . . .     Gourm    .   c - +0 shield
rNeg     + . .     Faith    .   b - +0 scale mail
rPois    ∞         Spirit   .   (no helmet)
rElec    +         Reflect  .   (no cloak)
rCorr    .         Harm     .   (no gloves)
MR       .....                  (no boots)
Stlth    ..........             (no amulet)
HPRegen  0.08/turn              (no ring)
MPRegen  0.08/turn              (no ring)

@: confused
A: negative energy resistance 1, electricity resistance, unbreathing,
petrification resistance, rot immunity, AC +3
a: no special abilities


You were on level 2 of the Dungeon.
You were not hungry.

You visited 1 branch of the dungeon, and saw 2 of its levels.

You collected 56 gold pieces.

Inventory:

Hand Weapons
 a - a +0 war axe (weapon)
Armour
 b - a +0 scale mail (worn)
 c - a +0 shield (worn)
 m - a cursed +0 chain mail
Scrolls
 j - a scroll of enchant armour {unknown}
Potions
 d - a potion of might
 e - a potion of invisibility {unknown}
 h - a potion of lignification {unknown}
 i - a potion of curing {unknown}
 k - 2 potions of heal wounds {unknown}
Comestibles
 f - a bread ration
 g - a meat ration


   Skills:
 + Level 4.0 Fighting
 * Level 3.0 Axes
 - Level 3.2 Armour
 - Level 3.2 Shields


You had 2 spell levels left.
You didn't know any spells.

Dungeon Overview and Level Annotations

Branches:
Dungeon (2/15)

Altars:

Annotations:
D:2 Sigmund


Innate Abilities, Weirdness & Mutations

You are resistant to torment.
Your stone body is resilient. (AC +3)
You are immune to poison.
You resist negative energy. (rN+)
You are resistant to electric shocks. (rElec)
You can survive without breathing.
You are immune to petrification.
You are immune to rotting.


Message History

Deactivating autopickup; reactivate with Ctrl-A.
No target in view!
No target in view!
No target in view!
You closely miss something. You block something's attack.
You slash something! Something hits you!
You closely miss something.
You hear some strange, mumbled words.
A puff of flame appears from out of thin air!
The puff of flame hits you!
* * * LOW HITPOINT WARNING * * *
You miss something.
You hear some strange, mumbled words.
You are confused.
You hear some strange, mumbled words.
A magic dart appears from out of thin air!
The magic dart hits you!
You completely miss something. Something hits you but does no damage.
You completely miss something. Something hits you!
You die...

#.# #.# #.# ######.# #.#
... ...# #.# ### #..#
##.## .# #..# #...# .#
#..# ###<..###
.####..#########.<)....#
.(...o..ob.@.##.@......#
.......#####.##{)......#
...##.## #o##.##...###
......# #b##.##...#
...#### #.##.###### ..##
##.##.#####... .##
##.#........... .#
######.###..#####.## .#
#.....## ##.#


There were no monsters in sight!

Vanquished Creatures
  2 adders (D:2)
  An ooze (D:1)
  A dart slug (D:1)
  3 orcs
  4 bats
  A giant cockroach (D:1)
  2 goblins (D:1)
  4 hobgoblins (D:2)
  2 frilled lizards (D:1)
  A kobold (D:1)
  2 rats (D:1)
23 creatures vanquished.

Notes
Turn   | Place    | Note
-------+----------+-------------------------------------------
     0 | D:1      | Moloch the Gargoyle Fighter began the quest for the Orb.
     0 | D:1      | Reached XP level 1. HP: 14/14 MP: 1/1
    92 | D:1      | Reached XP level 2. HP: 16/19 MP: 2/2
   699 | D:2      | Reached XP level 3. HP: 23/24 MP: 3/3
   724 | D:2      | Reached skill level 4 in Fighting
   771 | D:2      | Noticed Sigmund
  1140 | D:2      | Mangled by Sigmund

Vault maps used:
D:1:      evilmike_arrival_crescent
D:2:      eat_drink_and_be_merry_uskayaw, first_bread, minmay_strange_pillars,
          minmay_misc_feat_room, guppyfry_early_orc_mine, uniq_sigmund

Skill      XL: |  1  2  3 |
---------------+----------+-----
Axes           | 2 3 |  3.0
Fighting       | 4 |  4.0
Armour         | |  3.2
Shields        | |  3.2

Action                   || total
-------------------------++-------
Melee: War axe           ||    72
  Eat: Chunk             ||     1
Armor: Scale mail        ||    50
Dodge: Dodged            ||    34
Block: Shield            ||    52
